 Dungeon Crawl Stone Soup version 0.30-a0-297-g0ec75d9ef4 (webtiles) character file.

Game seed: 5021447529278307503

2678 koil the Covert (level 9, -3/45 HPs)
             Began as a Spriggan Enchanter on Oct 20, 2022.
             Was an Initiate of Gozag.
             Shot with a sling bullet by Joseph (23 damage)
             ... on level 7 of the Dungeon.
             The game lasted 00:23:40 (6730 turns).

koil the Covert (Spriggan Enchanter)                Turns: 6730, Time: 00:23:46

Health: -3/45      AC:  2    Str:  4    XL:     9   Next: 37%
Magic:  20/20      EV: 22    Int: 16    God:    Gozag
Gold:   675        SH:  0    Dex: 20    Spells: 13/21 levels left

rFire   . . .      SeeInvis +    x - +2 dagger (drain)
rCold   . . .      Faith    .    (no shield)
rNeg    . . .      Spirit   .    m - +0 robe
rPois   .          Reflect  .    (helmet restricted)
rElec   .          Harm     .    (no cloak)
rCorr   .          Rampage  .    (gloves unavailable)
Will    +....                    (boots unavailable)
Stlth   ++++......               (no amulet)
HPRegen 0.27/turn                (no ring)
MPRegen 0.17/turn                (no ring)

@: weakened, very quick
A: very small, no large weapons, unfitting armour, see invisible, speed 3
a: Renounce Religion, Potion Petition, Call Merchant, Bribe Branch


You were on level 7 of the Dungeon.
You worshipped Gozag.
Gozag was pleased with you.
You visited 2 branches of the dungeon, and saw 8 of its levels.

You collected 725 gold pieces.
You paid 50 gold pieces to Gozag.

Inventory:

Hand Weapons
 p - a +1 dagger of flaming
 t - a +1 short sword of venom
 x - a +2 dagger of draining (weapon)
Missiles
 a - 2 atropa-tipped darts
 d - a throwing net
 v - a curare-tipped dart
 A - 13 poisoned darts (quivered)
Armour
 m - a +0 robe (worn)
Jewellery
 r - an amulet of guardian spirit
Wands
 n - a wand of flame (4)
 o - a wand of light (1)
 w - a wand of mindburst (6)
Scrolls
 e - 2 scrolls of identify
 i - a scroll of immolation {unknown}
 j - a scroll of teleportation
 k - a scroll of brand weapon {unknown}
 l - a scroll of enchant armour {unknown}
 u - a scroll of magic mapping
Potions
 b - a potion of ambrosia {unknown}
 c - 2 potions of invisibility
 f - 2 potions of curing
 g - 2 potions of heal wounds
 h - a potion of berserk rage {unknown}
 q - a potion of might {unknown}
 s - a potion of flight


   Skills:
 + Level 4.2 Fighting
 + Level 5.7 Short Blades
 + Level 7.3 Dodging
 + Level 9.1 Stealth
 + Level 6.9 Spellcasting
 + Level 7.2 Hexes


You had 13 spell levels left.
You knew the following spells:

 Your Spells              Type           Power      Damage    Failure   Level
a - Ensorcelled Hibernat  Hex/Ice        34%        N/A       4%          2
b - Confusing Touch       Hex            28%        N/A       1%          3
c - Dazzling Flash        Conj/Hex       34%        N/A       9%          3

Your spell library contained the following spells:

 Spells                   Type           Power      Damage    Failure   Level
 Slow                     Hex            100%       N/A       1%          1
 Tukima's Dance           Hex            28%        N/A       1%          3
 Summon Guardian Golem    Hex/Summ       17%        N/A       9%          3
 Summon Small Mammal      Summ           20%        N/A       13%         1
 Cigotuvi's Dreadful Rot  Necr/Pois/Air  10%        N/A       19%         2
 Poisonous Vapours        Pois/Air       10%        N/A       19%         2
 Call Canine Familiar     Summ           5%         N/A       36%         3
 Mephitic Cloud           Conj/Pois/Air  5%         N/A       36%         3
 Vampiric Draining        Necr           5%         2d6       36%         3


Dungeon Overview and Level Annotations

Branches:
Dungeon (7/15)             Temple (1/1) D:4

Altars:
Ashenzari
Dithmenos
Elyvilon
Fedhas
Gozag
Hepliaklqana
Kikubaaqudgha
Makhleb
Nemelex Xobeh
Okawaru
Qazlal
Ru
Sif Muna
Trog
Uskayaw
Wu Jian
Xom
Yredelemnul
Zin
The Shining One

Shops:
D:1 =

Annotations:
D:7 Joseph


Innate Abilities, Weirdness & Mutations

You are very small and have problems with some larger weapons.
You are too small for most types of armour.
You have supernaturally acute eyesight. (SInv)
You cover ground extremely quickly. (Speed+++)


Message History

A - 13 poisoned darts (gained 8)
Things that are here:
a +0 dagger; 5 stones
There is a stone staircase leading down here.
Things that are here:
a +0 short sword; 3 stones; a +0 short sword
There is a stone staircase leading down here.
Items here: (( )).
v - a curare-tipped dart
Things that are here:
a +0 short sword; 2 stones; a +0 whip
Things that are here:
a +0 dagger; 5 stones
There is a stone staircase leading down here.
You start resting.
Magic restored.
You start resting.
HP restored.
You can't go up here!
You climb downwards.
Level annotation: Joseph The gnoll bouda gazes fiercely through you!
You feel your attacks grow feeble.
Joseph shoots a sling bullet.
The sling bullet barely misses you.
Joseph shoots a sling bullet.
The sling bullet closely misses you.
There is a stone staircase leading up, spattered with blood here.
The gnoll misses you.
Joseph shoots a sling bullet.
The sling bullet hits you! The gnoll barely misses you.
The gnoll completely misses you.
The gnoll bouda gazes fiercely through you!
You feel as though you will be weak longer.
The gnoll completely misses you.
Joseph shoots a sling bullet.
The sling bullet hits you! The gnoll barely misses you. The gnoll misses you.
The gnoll closely misses you.
The gnoll bouda barks out a call to the hunt!
The gnolls pick up the pace!
Joseph shoots a sling bullet.
The sling bullet hits you!!
Ouch! That really hurt!
You die...
Your body crumbles into a pile of gold.

.............#####.....##
............@...#.....###
#............##..........#
##.g.........###.....#.....
..............>#.....#.....
...........##.#...........
. #......g.)........@......
..##...#g.$.........#......
..g....##g@................
....##...g#................
#.....###...............#
#.....#.#.......#........
###.....##..#............
###.......##...####....
#.......##...# ##...
##.....#....## ##..
#.....#....# #..


You could see Joseph, a gnoll bouda and 4 gnolls.

Vanquished Creatures
  Sigmund (D:3)
  3 yaks (D:6)
  Duvessa (D:6)
  A water moccasin (D:6)
  A black bear (D:5)
  An ice beast (D:6)
  An ogre (D:5)
  3 centaurs
  2 phantoms
  A kobold brigand (D:6)
  A necrophage (D:4)
  3 scorpions
  4 wights (D:6)
  Dowan (D:6)
  4 hounds
  2 orc priests
  2 gnoll boudas
  Ijyb (D:3)
  Jessica (D:3)
  3 iguanas
  3 orc wizards
  3 adders
  11 gnolls
  2 worms (D:2)
  2 dart slugs (D:3)
  13 orcs
  7 ball pythons
  7 bats
  An endoplasm (D:2)
  4 giant cockroaches
  8 goblins
  4 hobgoblins
  3 jackals (D:2)
  3 quokkas
  5 frilled lizards
  16 kobolds
  9 rats
138 creatures vanquished.

Vanquished Creatures (others)
  6 plants (D:3)
6 creatures vanquished.

Grand Total: 144 creatures vanquished

Notes
Turn   | Place    | Note
-------+----------+-------------------------------------------
     0 | D:1      | koil the Spriggan Enchanter began the quest for the Orb.
     0 | D:1      | Reached XP level 1. HP: 9/9 MP: 5/5
   299 | D:1      | Found Ekkysuost's Jewellery Shop.
   313 | D:1      | Reached XP level 2. HP: 10/14 MP: 6/6
   318 | D:1      | Learned a level 2 spell: Ensorcelled Hibernation
   919 | D:2      | Reached XP level 3. HP: 17/17 MP: 5/8
  1166 | D:2      | Found a faded altar of an unknown god.
  1217 | D:2      | Reached skill level 1 in Fighting
  1384 | D:2      | Reached skill level 5 in Stealth
  1490 | D:3      | Noticed Ijyb
  1499 | D:3      | Killed Ijyb
  1500 | D:3      | Reached XP level 4. HP: 4/22 MP: 7/10
  1806 | D:3      | Noticed Sigmund
  1962 | D:2      | Learned a level 3 spell: Confusing Touch
  1966 | D:2      | Learned a level 3 spell: Dazzling Flash
  1995 | D:3      | Killed Sigmund
  1996 | D:3      | Reached XP level 5. HP: 24/26 MP: 2/11
  2231 | D:3      | Noticed Jessica
  2240 | D:3      | Killed Jessica
  2241 | D:3      | Reached XP level 6. HP: 30/30 MP: 3/13
  2760 | D:4      | Found a staircase to the Ecumenical Temple.
  2769 | D:4      | Reached skill level 6 in Stealth
  2866 | D:4      | Reached skill level 5 in Hexes
  2983 | D:4      | Reached XP level 7. HP: 13/35 MP: 4/14
  3676 | D:4      | Reached skill level 5 in Dodging
  3814 | Temple   | Entered the Ecumenical Temple
  4025 | Temple   | Became a worshipper of Gozag Ym Sagoz the Greedy
  4147 | D:5      | Entered Level 5 of the Dungeon
  4263 | D:5      | Reached skill level 7 in Stealth
  4269 | D:5      | Reached skill level 5 in Spellcasting
  4498 | D:5      | Reached XP level 8. HP: 23/39 MP: 2/16
  5308 | D:6      | Reached skill level 8 in Stealth
  5325 | D:6      | Reached skill level 5 in Short Blades
  5503 | D:6      | Reached XP level 9. HP: 27/45 MP: 14/19
  5966 | D:6      | Noticed Dowan
  5969 | D:6      | Noticed Duvessa
  6001 | D:6      | Killed Duvessa
  6018 | D:6      | Killed Dowan
  6142 | D:6      | Reached skill level 9 in Stealth
  6274 | D:7      | Noticed Joseph
  6730 | D:7      | Shot with a sling bullet by Joseph

Illustrated notes

Levels and vault maps discovered:
D:1:      lightli_molten_gateway, layout_basic, serial_shops,
          nicolae_shop_crystal, minmay_misc_feat_encased, nrook_mini_vaults,
          minmay_shallow_snake_nest
D:2:      layout_basic, shapermc_ecumenical_altar_petra
D:3:      layout_loops_ring, lexackson_kobold_supper, uniq_sigmund,
          uniq_jessica, uniq_ijyb
D:4:      layout_basic, minmay_temple_entry_slanted
D:5:      layout_loops_ring
D:6:      layout_basic, uniq_duvessa
D:7:      layout_cave_pools, minitemple, serial_gnoll_camp,
          gnoll_camp_mini_loothouse, gnoll_camp_mini_basic,
          gnoll_camp_huts_basic, gnoll_camp_mini_hut, gnoll_camp_mini_sergeant,
          hangedman_abyss_or_decor_stabs, uniq_joseph
Temple:   nicolae_temple_bog_church

Skill      XL: |  1  2  3  4  5  6  7  8  9 |
---------------+----------------------------+-----
Dodging        | 3 4 5 6 7 |  7.3
Spellcasting   | 3 4 5 6 |  6.9
Fighting       | 1 2 3 4 |  4.2
Hexes          | 4 5 6 7 |  7.2
Stealth        | 5 6 7 8 9 |  9.1
Short Blades   | 2 3 4 5 |  5.7

Action                   |  1- 3 |  4- 6 |  7- 9 || total
-------------------------+-------+-------+-------++-------
Melee: Dagger            |   116 |   145 |   208 ||   469
       Punch             |     1 |       |     3 ||     4
 Cast: Ensorcelled Hiber |     4 |    22 |    53 ||    79
       Confusing Touch   |       |     2 |     8 ||    10
  Use: Potion            |       |     1 |     2 ||     3
       Scroll            |       |       |     9 ||     9
 Stab: Sleeping          |    16 |    17 |    30 ||    63
       Confused          |       |     1 |     8 ||     9
       Distracted        |       |       |     2 ||     2
Armor: Robe              |    10 |    10 |    12 ||    32
Dodge: Dodged            |    74 |   102 |   202 ||   378

Table legend: (Time is in decaauts)
 A = Elapsed time spent in this place.
 B = Non-inter-level travel time spent in this place.
 C = Inter-level travel time spent in this place.
 D = Time resting spent in this place.
 E = Time spent auto-exploring this place.
 F = Levels seen in this place.
 G = Mean time per level.
                   A        B        C        D        E       F      G
               +--------+--------+--------+--------+--------+-----+--------+
         Total |   4958 |   4764 |    194 |    636 |   2844 |   8 |  619.8 |
       Dungeon |   4725 |   4531 |    194 |    613 |   2747 |   7 |  675.0 |
        Temple |    233 |    233 |      0 |     23 |     97 |   1 |  233.0 |
               +--------+--------+--------+--------+--------+-----+--------+

Top non-repeatable levels by time:
     D:6: 1010 daAuts
     D:4: 850 daAuts
     D:3: 822 daAuts
     D:5: 781 daAuts
     D:1: 555 daAuts
     D:2: 530 daAuts
  Temple: 233 daAuts
     D:7: 175 daAuts
